 Dungeon Crawl Stone Soup version 0.19-a0-1242-g4634998 (webtiles) character file.

864 TheGoonsmith the Firebug (level 8, -2/57 HPs)
             Began as a Hill Orc Fire Elementalist on Aug 27, 2016.
             Was a Follower of Cheibriados.
             Slain by a gnoll
             ... wielding a +0 spear
              (3 damage)
             ... on level 6 of the Dungeon.
             The game lasted 00:23:36 (6113 turns).

TheGoonsmith the Firebug (HOFE)                     Turns: 6113, Time: 00:23:38

Health: -2/57      AC:  5    Str: 18    XL:     8   Next: 3%
Magic:  8/14       EV: 16    Int: 19    God:    Cheibriados [*.....]
Gold:   96         SH:  0    Dex: 21    Spells: 3 memorised, 7 levels left

rFire  . . .     SeeInvis .     C - +5 dire flail of Deformation {flame, Str+5 Dex+3}
rCold  . . .     Gourm    .     a - +0 robe
rNeg   . . .     Faith    .     (shield currently unavailable)
rPois  +         Spirit   .     (no helmet)
rElec  .         Dismiss  .     (no cloak)
rCorr  .         Reflect  .     k - +2 pair of gloves (curse)
MR     .....     Harm     .     (no boots)
Stlth  +++.......               (no amulet)
                                H - ring of poison resistance
                                u - ring of wizardry

@: agile, drained, very slow
A: claws 1
a: Bend Time, Renounce Religion


You were on level 6 of the Dungeon.
You worshipped Cheibriados.
Cheibriados was aware of your devotion.
You were not hungry.

You visited 2 branches of the dungeon, and saw 7 of its levels.
You also visited: Sewer and Ossuary.

You collected 312 gold pieces.
You spent 216 gold pieces at shops.

Inventory:

Hand Weapons
 h - a +1 dagger of speed
 j - a +0 club
 l - a +3 dagger of venom
 C - the +5 dire flail of Deformation (weapon) {flame, Str+5 Dex+3}
   (You bought it in a shop on level 5 of the Dungeon)

   It has been specially enchanted to burn those struck by it, causing extra
   injury to most foes and up to half again as much damage against particularly
   susceptible opponents.
   It affects your strength (+5).
   It affects your dexterity (+3).
Armour
 a - a +0 robe (worn)
 k - a cursed +2 pair of gloves (worn)
 B - a +0 ring mail
Jewellery
 u - a ring of wizardry (left hand)
 A - an uncursed amulet of harm
 H - a ring of poison resistance (right hand)
Wands
 y - a wand of disintegration (21/24)
 z - a wand of iceblast (5/15)
 F - a wand of acid (4/15)
Scrolls
 d - a scroll of recharging
 i - a scroll of enchant armour
 n - 9 scrolls of remove curse
 q - a scroll of amnesia
 r - 2 scrolls of identify
 v - a scroll of teleportation
 E - a scroll of enchant weapon
 G - 4 scrolls of immolation
Potions
 g - a potion of berserk rage
 o - 7 potions of curing
 p - a potion of flight
 s - 2 potions of lignification
 t - a potion of cure mutation {unknown}
 w - a potion of might {unknown}
 x - a potion of haste {unknown}
 D - 2 potions of agility
 I - a potion of ambrosia {unknown}
 J - 4 potions of mutation
Books
 b - a book of Flames

   Spells                             Type                      Level
   a - Flame Tongue                   Conjuration/Fire             1
   b - Throw Flame                    Conjuration/Fire             2
   c - Conjure Flame                  Conjuration/Fire             3
   d - Inner Flame                    Hexes/Fire                   3
   e - Sticky Flame                   Conjuration/Fire             4
   f - Fireball                       Conjuration/Fire             5
Comestibles
 c - 4 bread rations
 f - 2 meat rations
 m - 2 slices of pizza


   Skills:
 - Level 1.5(0.6) Dodging
 - Level 1.5(0.6) Stealth
 + Level 4.0(3.1) Spellcasting
 + Level 5.0(4.0) Conjurations
 + Level 6.5(5.5) Fire Magic


You had 7 spell levels left.
You knew the following spells:

 Your Spells              Type           Power        Failure   Level  Hunger
a - Flame Tongue          Conj/Fire      ###..        1%          1    None
c - Conjure Flame         Conj/Fire      ###.....     3%          3    ###....
s - Sticky Flame          Conj/Fire      ###.....     9%          4    ####...


Dungeon Overview and Level Annotations

Branches:
Dungeon (6/15)             Temple (1/1) D:5

Altars:
Ashenzari
Cheibriados
Dithmenos
Elyvilon
Fedhas
Gozag
Hepliaklqana
Makhleb
Okawaru
Qazlal
Ru
Sif Muna
Uskayaw
Vehumet
Xom
Yredelemnul
Zin
The Shining One

Shops:
D:5 (


Innate Abilities, Weirdness & Mutations

You have sharp fingernails.


Message History

Aim: a gnoll sergeant, wielding a spear, wearing a scale mail and wearing a buckler (lightly wounded)
The flame tongue hits the gnoll.
The gnoll is heavily wounded.
The gnoll sergeant hits you from afar with a spear.
The gnoll hits you from afar with a spear.
* * * LOW HITPOINT WARNING * * *
The gnoll closely misses you. The gnoll hits you.
* * * LOW HITPOINT WARNING * * *
You feel agile all of a sudden.
The gnoll sergeant hits you from afar with a spear.
* * * LOW HITPOINT WARNING * * *
The gnoll hits you from afar with a spear!
* * * LOW HITPOINT WARNING * * *
The gnoll completely misses you. The gnoll misses you.
You feel better.
The gnoll sergeant hits you from afar with a spear!
* * * LOW HITPOINT WARNING * * *
The gnoll completely misses you.
The gnoll hits you from afar with a spear.
You die...

..... .#...
.....######.#...
.....%.....$...g
..(.............
...............
#.....g.....#
#...gg.....>#
##...ggo...#.#
#...@#######
#....# #....#
######....#
#.........#
#........(#
#.......### #
#.......# ..
#.......##...


You could see a gnoll sergeant, 4 gnolls and an orc.

Vanquished Creatures
  An ogre (D:4)
  A scorpion (D:5)
  A crimson imp (D:5)
  2 centaur zombies
  A hound (D:6)
  A jelly (D:5)
  An orc priest (D:5)
  A human zombie (Ossuary)
  An iguana (D:4)
  An orc wizard (D:5)
  5 worker ants
  A hound skeleton (D:4)
  5 mummies (Ossuary)
  A gnoll (D:1)
  8 adders
  3 river rats
  2 oozes (D:1)
  An adder zombie (D:5)
  3 worms
  2 dart slugs
  2 giant geckos (D:2)
  22 orcs
  10 giant cockroaches
  A gnoll zombie (Ossuary)
  7 goblins
  8 hobgoblins
  11 jackals
  7 kobolds
  2 ball pythons
  7 bats
  8 giant newts
  A goblin zombie (Ossuary)
  2 hobgoblin zombies (Ossuary)
  A kobold zombie (Ossuary)
  An orc zombie (Ossuary)
  8 rats
140 creatures vanquished.

Notes
Turn   | Place    | Note
-------+----------+-------------------------------------------
     0 | D:1      | TheGoonsmith the Hill Orc Fire Elementalist began the quest for the Orb.
     0 | D:1      | Reached XP level 1. HP: 14/14 MP: 3/3
   232 | D:1      | Reached XP level 2. HP: 11/20 MP: 0/4
   661 | D:1      | Reached XP level 3. HP: 25/26 MP: 3/5
  1383 | D:2      | Reached XP level 4. HP: 21/33 MP: 4/7
  1533 | D:2      | Reached skill level 4 in Fire Magic
  1935 | D:2      | Learned a level 4 spell: Sticky Flame
  2283 | D:3      | Learned a level 3 spell: Conjure Flame
  2334 | D:3      | Reached XP level 5. HP: 38/38 MP: 5/8
  2867 | D:3      | Found a glowing drain.
  2892 | Sewer    | Entered a sewer
  2943 | Sewer    | Noticed NervFog's ghost (novice MiMo)
  3952 | D:4      | Reached skill level 5 in Fire Magic
  3952 | D:4      | Reached XP level 6. HP: 44/45 MP: 7/10
  4236 | D:4      | Found a shimmering altar of Xom.
  4236 | D:4      | Noticed an angel
  4238 | D:4      | Found a glowing silver altar of Zin.
  4528 | D:5      | Entered Level 5 of the Dungeon
  4663 | D:4      | Reached XP level 7. HP: 48/50 MP: 8/11
  4670 | D:5      | Found a staircase to the Ecumenical Temple.
  4674 | Temple   | Entered the Ecumenical Temple
  4792 | Temple   | Became a worshipper of Cheibriados the Contemplative
  5099 | D:5      | Found a hide-covered altar of Uskayaw.
  5342 | D:5      | Reached skill level 6 in Fire Magic
  5377 | D:5      | Reached * piety under Cheibriados
  5505 | D:5      | Found Yraxkack's Antique Weapon Shoppe.
  5513 | D:5      | Bought a polished dire flail for 216 gold pieces
  5513 | D:5      | Identified the +5 dire flail of Deformation {flame, Str+5 Dex+3} (You bought it in a shop on level 5 of the Dungeon)
  5749 | D:6      | Found a sand-covered staircase.
  5753 | Ossuary  | Entered an ossuary
  5957 | Ossuary  | Reached skill level 5 in Conjurations
  5973 | Ossuary  | Reached XP level 8. HP: 47/57 MP: 14/14
  6078 | D:6      | Gained mutation: You have sharp fingernails. [potion of beneficial mutation]
  6113 | D:6      | HP: 1/57 [gnoll sergeant/spear (9)]
  6113 | D:6      | Slain by a gnoll

Vault maps used:
D:1:      roderic_crossed_star, minmay_misc_feat_more_columns
D:2:      wad_river_or_something
D:3:      first_bread, portal_sewer_entry_e
D:4:      grunt_temple_overflow_order_and_chaos_1, minmay_misc_feat_room
D:5:      lemuel_coloured_pillars_altar, serial_shops, kennysheep_little_box
D:6:      enter_ossuary_5, uniq_pikel
Temple:   regret_index_temple_waves
Sewer:    sewer_minmay_treatment
Ossuary:  ossuary_crypta

Skill      XL: |  1  2  3  4  5  6  7 |
---------------+----------------------+-----
Spellcasting   | 2 3 4 |  4.0
Conjurations   | 2 3 4 5 |  5.0
Fire Magic     | 4 5 6 |  6.5
Dodging        | |  1.5
Stealth        | |  1.5

Action                   |  1- 3 |  4- 6 |  7- 9 || total
-------------------------+-------+-------+-------++-------
Melee: Unarmed           |    23 |       |       ||    23
       Club              |     4 |       |       ||     4
       Dagger            |    15 |    32 |    15 ||    62
       Dire flail        |       |       |    20 ||    20
 Cast: Flame Tongue      |    53 |   149 |    58 ||   260
       Conjure Flame     |       |     3 |     4 ||     7
       Sticky Flame      |       |     1 |       ||     1
  Use: Scroll            |       |    13 |     8 ||    21
       Potion            |       |     1 |     3 ||     4
 Stab: Sleeping          |       |     1 |       ||     1
  Eat: Chunk             |     2 |    12 |       ||    14
       Meat ration       |       |       |     1 ||     1
Armor: Robe              |    10 |    25 |    14 ||    49
Dodge: Dodged            |    49 |    66 |    24 ||   139
